 Dungeon Crawl Stone Soup version 0.17.1-3-g152610e (webtiles) character file.

22 Metrazal the Sneak (level 2, 14/14 HPs)
             Began as a Spriggan Assassin on Feb 27, 2016.
             Quit the game on level 1 of the Dungeon.
             The game lasted 00:04:09 (923 turns).

Metrazal the Sneak (Spriggan Assassin)               Turns: 923, Time: 00:04:09

Health: 14/14      AC:  3    Str:  7    XL:     2   Next: 68%
Magic:  3/3        EV: 18    Int: 12    God:
Gold:   41         SH:  0    Dex: 17    Spells: 0 memorised, 1 level left

rFire  . . .     SeeInvis +     i - +1 dagger (venom)
rCold  . . .     Clarity  .     c - +0 robe
rNeg   . . .     SustAt   .     (shield restricted)
rPois  .         Gourm    .     (helmet restricted)
rElec  .         Spirit   .     d - +0 cloak
rCorr  .         Warding  .     (gloves unavailable)
rMut   .         Stasis   .     (boots unavailable)
MR     .....                    (no amulet)
Stlth  ++++......               (no ring)
                                (no ring)

@: very quick, not resistant to hostile enchantments, stealthy
A: unfitting armour, see invisible, herbivore 3, speed 3, slow metabolism 2
a: no special abilities


You were on level 1 of the Dungeon.
You were not hungry.

You visited 1 branch of the dungeon, and saw 1 of its levels.

You collected 41 gold pieces.

Inventory:

Hand Weapons
 a - a +2 dagger
 b - a +0 blowgun
 i - a +1 dagger of venom (weapon)
Missiles
 e - 8 poisoned needles
 f - 2 curare-tipped needles
 h - 51 stones (quivered)
 p - 35 sling bullets
Armour
 c - a +0 robe (worn)
 d - a +0 cloak (worn)
Scrolls
 j - 2 scrolls of teleportation {unknown}
 l - 2 scrolls of magic mapping {unknown}
 n - a scroll of recharging {unknown}
 o - a scroll of remove curse {unknown}
Potions
 k - a potion of invisibility {unknown}
Comestibles
 g - 2 bread rations
 m - 4 fruits


   Skills:
 - Level 1.5 Fighting
 + Level 2.7 Short Blades
 - Level 2.0 Throwing
 + Level 2.6 Dodging
 + Level 6.3 Stealth


You had one spell level left.
You didn't know any spells.

Dungeon Overview and Level Annotations

Branches:
Dungeon (1/15)

Altars:
Nemelex Xobeh


Innate Abilities, Weirdness & Mutations

You are tiny and cannot use many weapons and most armour.
You have supernaturally acute eyesight.
You are a herbivore.
You cover ground extremely quickly.
You need consume almost no food.


Message History

You hit the kobold but do no damage.
The kobold is poisoned.
You hit the kobold.
The kobold looks even sicker.
The kobold is severely wounded.
You kill the kobold!
h - 51 stones (gained 5)
l - 2 scrolls labeled SAJANA SESIE (gained 1)
Things that are here:
a dagger; a kobold corpse You now have 41 gold pieces (gained 8).
There is an open door here.
There is an open door here.
There is an open door here.
Done exploring.
A rat comes into view.
The rat bites you but does no damage.
You hit the rat but do no damage.
The rat is poisoned.
The rat misses you.
You barely miss the rat. The rat completely misses you.
You hit the rat.
You kill the rat!
Are you sure you want to abandon this character and quit the game? (Confirm with "yes".)

.[.......#......................[
.........#..#......)...#######.##
#####...#...#....##)#..# #.#
#...#.#.....#...#..# #.#
##.#..#.....#.[##..# #.# #
#.#.............#.# #.# #
##########........#.# #.# #
#.................#.## #†# #
##########.#.@....#..# #.#
#####.....###.+..†...'..## #.#
##....##....###......##..# #.#
......###...###........#.## #.#
#....## ###...#####....#..# #>#
)....######.<.##.......##.## #.#
.###....##....##.......##..# #.#
## ##........###.......###.###.#
# #.......## #.......# #..##.#


There were no monsters in sight!

Vanquished Creatures
  An ooze (D:1)
  2 bats (D:1)
  A giant cockroach (D:1)
  3 goblins (D:1)
  2 hobgoblins (D:1)
  3 jackals (D:1)
  4 kobolds (D:1)
  2 rats (D:1)
18 creatures vanquished.

Notes
Turn   | Place    | Note
--------------------------------------------------------------
     0 | D:1      | Metrazal the Spriggan Assassin began the quest for the Orb.
     0 | D:1      | Reached XP level 1. HP: 10/10 MP: 2/2
    38 | D:1      | Reached skill level 6 in Stealth
   306 | D:1      | Reached XP level 2. HP: 14/14 MP: 3/3
   599 | D:1      | Found a sparkling altar of Nemelex Xobeh.
   923 | D:1      | Quit the game

Action                   || total
-------------------------++-------
Melee: Dagger            ||    45
 Stab: Sleeping          ||     6
